 Dungeon Crawl Stone Soup version 0.28.0 (webtiles) character file.

Game seed: 3112646942959795561

2905 AmazingTV the Nimble (level 9, -6/39 HPs)
             Began as a Spriggan Conjurer on July 25, 2022.
             Was an Initiate of Sif Muna.
             Killed from afar by Joseph (15 damage)
             ... with an iceblast
             ... on level 7 of the Dungeon on July 26, 2022.
             The game lasted 01:19:52 (11168 turns).

AmazingTV the Nimble (Spriggan Conjurer)           Turns: 11168, Time: 01:19:54

Health: -6/39      AC:  3    Str:  9    XL:     9   Next: 49%
Magic:  17/20      EV: 30    Int: 19    God:    Sif Muna [......]
Gold:   410        SH:  0    Dex: 22    Spells: 15/21 levels left

rFire   . . .      SeeInvis +   a - +0 rapier {short}
rCold   . . .      Faith    .   (no shield)
rNeg    + . .      Spirit   .   f - +0 robe
rPois   .          Reflect  .   (helmet restricted)
rElec   .          Harm     .   n - +0 cloak
rCorr   .          Rampage  .   (gloves unavailable)
Will    +....                   (boots unavailable)
Stlth   ++++......              r - amulet of Waptuthro {rN+ Regen+ Str+4 SInv}
HPRegen 0.93/turn               A - +6 ring of dexterity
MPRegen 0.17/turn               u - +4 ring of evasion

@: very quick
A: very small, no large weapons, unfitting armour, see invisible, speed 3
a: Renounce Religion


You were on level 7 of the Dungeon.
You worshipped Sif Muna.
Sif Muna was noncommittal.
You visited 2 branches of the dungeon, and saw 8 of its levels.
You also visited: Sewer.

You collected 410 gold pieces.


Innate Abilities, Weirdness & Mutations

You are very small and have problems with some larger weapons.
You are too small for most types of armour.
You have supernaturally acute eyesight. (SInv)
You cover ground extremely quickly. (Speed+++)


   Skills:
 + Level 5.0 Short Blades
 + Level 0.2 Slings
 * Level 9.6 Dodging
 + Level 8.1 Stealth
 + Level 6.7 Spellcasting
 + Level 4.8 Conjurations
 + Level 5.9 Hexes


You had 15 spell levels left.
You knew the following spells:

 Your Spells              Type           Power      Damage    Failure   Level
a - Magic Dart            Conj           96%        1d7       1%          1
b - Searing Ray           Conj           48%        2d6       2%          2
c - Dazzling Flash        Conj/Hex       52%        N/A       3%          3

Your spell library contained the following spells:

 Spells                   Type           Power      Damage    Failure   Level
 Fulminant Prism          Conj/Hex       13%        3d9       12%         4
 Sublimation of Blood     Necr           6%         N/A       16%         2
 Wereblood                Tmut           6%         N/A       16%         2
 Iskenderun's Mystic Bla  Conj/Tloc      15%        2d5       36%         4
 Summon Mana Viper        Hex/Summ       17%        N/A       65%         5
 Summon Ice Beast         Ice/Summ       6%         N/A       71%         4
 Monstrous Menagerie      Summ           3%         N/A       100%        7
 Summon Hydra             Summ           3%         N/A       100%        7

Inventory:

Hand Weapons
 a - a +0 rapier (weapon) {short}
   (You took it off Eustachio on level 5 of the Dungeon)
 b - the +8 hunting sling "Beastslayer" {freeze, Fly rPois Str+4 Int-3, sling}
   (You found it on level 7 of the Dungeon)

   Any ammunition fired from it freezes those it strikes, dealing additional
   cold damage.
   It can also slow down cold-blooded creatures.
   Str:       It affects your strength (+4).
   Int:       It affects your intelligence (-3).
   rPois:     It protects you from poison.
   Fly:       It grants you flight.
 i - a +0 dagger of flaming {short}
   (You took it off a kobold on level 1 of the Dungeon)
 M - a +2 short sword of speed {short}
   (You took it off an orc on level 5 of the Dungeon)
 N - a +2 dagger of venom {short}
   (You took it off Dowan on level 7 of the Dungeon)
Missiles
 c - 218 stones
 d - 3 silver boomerangs
 e - 134 arrows
 h - 2 curare-tipped darts {=f}
 v - 44 bolts
 y - 3 boomerangs
 B - 22 sling bullets
 Q - 3 poisoned darts
Armour
 f - a +0 robe (worn)
 n - a +0 cloak (worn)
   (You took it off Crazy Yiuf on level 2 of the Dungeon)
 P - a scarf of shadows
   (You found it on level 7 of the Dungeon)
Jewellery
 r - the amulet of Waptuthro (around neck) {rN+ Regen+ Str+4 SInv}
   (You found it on level 3 of the Dungeon)

   [amulet of regeneration]

   Str:       It affects your strength (+4).
   rN:        It protects you from negative energy.
   SInv:      It lets you see invisible.
   Regen:     It increases your rate of health regeneration.
 u - a +4 ring of evasion (right hand)
   (You found it on level 3 of the Dungeon)
 A - a +6 ring of dexterity (left hand)
   (You found it on level 1 of the Dungeon)
 F - an amulet of guardian spirit
   (You found it on level 5 of the Dungeon)
 I - a ring of flight
   (You found it on level 6 of the Dungeon)
 L - a +6 ring of strength
   (You found it on level 7 of the Dungeon)
Wands
 p - a wand of polymorph (10)
   (You found it in a sewer)
 x - a wand of digging (6)
   (You found it on level 5 of the Dungeon)
 D - a wand of flame (36)
   (You took it off Ijyb on level 5 of the Dungeon)
 J - a wand of mindburst (9)
   (You found it on level 6 of the Dungeon)
Scrolls
 g - 6 scrolls of identify {@r1}
 j - 3 scrolls of enchant armour {unknown}
 k - a scroll of magic mapping {unknown}
 l - 2 scrolls of fear
 m - 3 scrolls of teleportation {@r4}
 s - 3 scrolls of vulnerability {unknown}
 w - a scroll of amnesia {unknown}
 C - 2 scrolls of blinking {unknown}
 G - a scroll of noise {unknown}
 K - a scroll of silence {unknown}
Potions
 o - 4 potions of flight
 q - a potion of attraction {unknown}
 t - 2 potions of heal wounds {unknown}
 z - a potion of curing {unknown}
 E - 2 potions of degeneration {unknown}
 H - a potion of mutation {unknown}
 O - a potion of brilliance {unknown}

Dungeon Overview and Level Annotations

Branches:
Dungeon (7/15)             Temple (1/1) D:7           Sewer (visited)

Altars:
Ashenzari
Cheibriados
Dithmenos
Elyvilon
Fedhas
Gozag
Hepliaklqana
Kikubaaqudgha
Makhleb
Okawaru
Qazlal
Sif Muna
Trog
Uskayaw
Wu Jian
Xom
Yredelemnul
Zin
The Shining One

Shops:
D:3 [

Annotations:
D:7 Joseph

###########
#########..........
#.........#####.###
#.#######.#⌠≈≈###≈≈ #@#
#.#≈≈≈≈≈)≈≈ #####.#####
#.#≈≈≈###)≈
#.....@...###.##≈##.##)
#..#####.#.##..#≈≈._.#≈
.... #.###...##†##.##≈
... ##.#.##.#≈≈≈###≈≈
....# ##.###.#≈≈≈≈≈≈≈≈
#.#.#### ####
#.#⌠≈≈###≈≈ # .......
..# #.#####.### #
#.#... ... ...........
# #.#..# #.#
#.###.##.##


You could see Joseph.


Message History

You lost 1 mp, and now have 13/20 mp.
The searing ray hits the orc!
You kill the orc!
Sif Muna accepts your kill.
You hear a splash. x2
You finish channelling your searing ray. 😎 MP[-1]
You lost 1 mp, and now have 12/20 mp. 😎 MP[+1] 😎 MP[+1]
Items here: ( )) ? [ ††. 😎 MP[+1]
Things that are here:
a +0 dagger {short}; an orc corpse
c - 216 stones (gained 1)
Things that are here:
a +0 club {mace}; a +0 ring mail; an orc corpse You see here 3 stones.
You see here 3 stones.
Autopickup is now off.
Autopickup is now on.
You see here 3 stones.
c - 219 stones (gained 3) 😎 MP[+1]
You shoot a stone. The stone barely misses the worm.
You shoot a stone.
The stone barely misses the worm. 😎 MP[+1]
Things that are here:
a +0 club {mace}; a +0 ring mail; an orc corpse
Things that are here:
a +0 dagger {short}; an orc corpse
Items here: ( )) ? [ ††. 😎 MP[+1]
You shoot a stone. The stone hits the worm.
The stone freezes the worm.
You shoot a stone. The stone hits the worm!
The stone freezes the worm.
You hear a splash. 😎 MP[+1]
You shoot a stone. The stone hits the worm.
The stone freezes the worm.
You hear a splash.
You shoot a stone. The stone barely misses the worm.
You shoot a stone. The stone hits the worm.
The stone freezes the worm.
You kill the worm!
Sif Muna accepts your kill.
You hear a splash. 😎 MP[+1]
Your mp is fully restored (20).
c - 213 stones (gained 1)
You see here a worm corpse.
c - 215 stones (gained 2)
There is a snail-covered altar of Cheibriados here.
c - 216 stones (gained 1)
c - 217 stones (gained 1)
There is a snail-covered altar of Cheibriados here.
Things that are here:
a +0 club {mace}; a +0 ring mail; an orc corpse
Things that are here:
a +0 dagger {short}; an orc corpse
c - 218 stones (gained 1)
C - 2 scrolls labelled UZAVIEFIAZ (gained 1)
Items here: )) [ ††.
There is an open door here.
Joseph, a Mercenary comes into view.
He is wielding a +2 quarterstaff of speed and carrying a wand of iceblast (3).
You float gracefully downwards.
The +8 hunting sling "Beastslayer" {freeze, Fly rPois Str+4 Int-3, sling} stops glowing.
a - a +0 rapier (weapon)
{short} The helpless Joseph fails to defend himself.
You impale Joseph!! Joseph closely misses you.
You barely miss Joseph. Joseph completely misses you.
You hit Joseph.
Joseph shouts, "It's the end of the party!"
Joseph closely misses you. x2
You hit Joseph. Joseph misses you.
You hit Joseph but do no damage. Joseph barely misses you.
Joseph hits you with a +2 quarterstaff of speed! 😮 HP[-10]
You take 10 damage, and now have 29/39 hp.
MASSIVE DAMAGE!! (PAUSE)
You are too injured to fight recklessly!
Casting: Dazzling Flash (dangerous; 3% risk of failure)
Press: ? - help, Q - select action, (/) - cycle Dir - look around, f - activate Look: Joseph, wielding a +2 quarterstaff of speed, wearing a +0 leather armour, quivering sling bullets and carrying a wand of iceblast (3) (severely wounded, chance to dazzle: 57%) Joseph is dazzled.
Joseph misses you. 😕 HP[+1] MP[-3]
You lost 3 mp, and now have 17/20 mp.
You hit Joseph.
Joseph hits you with a +2 quarterstaff of speed! x2
* * * LOW HITPOINT WARNING * * *
😱 HP[-25]
You take 25 damage, and now have 5/39 hp.
MASSIVE DAMAGE!! (PAUSE)
You hit Joseph. Joseph closely misses you. 😱 HP[+1]
You hit Joseph but do no damage. 😱 HP[+1]
You closely miss Joseph.
Joseph is no longer blind.
Joseph closely misses you. 😱 HP[+1] Joseph zaps a wand.
The mass of ice explodes!
The iceblast engulfs you!
You die...

Skill      XL: |  1  2  3  4  5  6  7  8  9 |
---------------+----------------------------+-----
Conjurations   | 3 4 |  4.8
Dodging        | 3 4 5 7 8 9 |  9.6
Spellcasting   | 3 4 5 6 |  6.7
Hexes          | 1 2 3 4 5 |  5.9
Short Blades   | 1 2 3 4 5 |  5.0
Stealth        | 4 5 7 8 |  8.1
Slings         | |  0.2

Action                   |  1- 3 |  4- 6 |  7- 9 || total
-------------------------+-------+-------+-------++-------
Melee: Unarmed           |     8 |       |       ||     8
       Dagger            |    18 |   170 |    22 ||   210
       Punch             |       |     1 |     1 ||     2
       Short sword       |       |       |   117 ||   117
       Rapier            |       |       |     9 ||     9
 Fire: Hunting sling     |       |       |    26 ||    26
Throw: Dart              |       |    30 |    24 ||    54
       Stone             |       |     1 |     2 ||     3
       Throwing net      |       |       |     1 ||     1
 Cast: Magic Dart        |   112 |   109 |   223 ||   444
       Searing Ray       |       |    13 |    18 ||    31
       Dazzling Flash    |       |       |     1 ||     1
  Use: Scroll            |       |     2 |       ||     2
       Potion            |       |     1 |       ||     1
 Stab: Sleeping          |     1 |    12 |     6 ||    19
       Held in net/web   |       |       |     1 ||     1
Armor: Robe              |     5 |    17 |    11 ||    33
       Skin              |       |    19 |       ||    19
Dodge: Dodged            |    58 |   190 |   208 ||   456

Levels and vault maps discovered:
D:1:      dpeg_arrival_stone_temple_mockup, layout_basic
D:2:      layout_basic, minmay_worlds_worst_comb, uniq_crazy_yiuf_cottage
D:3:      layout_loops_corners, serial_shops, shop, gup_sewer_entry_pipe,
          ebering_ecumenical_altar_sacrificial, uniq_natasha
D:4:      layout_basic, overflow_temple_1_default, kennysheep_little_box,
          uniq_robin
D:5:      layout_rooms, nicolae_wu_jian_wuxing_cycle, serial_bayou_lake_a,
          uniq_ijyb, uniq_eustachio, uniq_prince_ribbit1
D:6:      layout_layer_cave, nicolae_figureground_pulse, uniq_pikel
D:7:      kennysheep_slugbush, layout_loops_ring, lemuel_coloured_pillars_altar,
          cheibrodos_worm_habitat, minmay_temple_entry_statues_pillars,
          serial_shops, nicolae_shop_trees, grunt_ministairs_7,
          kennysheep_boxes, uniq_duvessa, uniq_joseph
Temple:   dpeg_chambers_temple

Notes
Turn   | Place    | Note
-------+----------+-------------------------------------------
     0 | D:1      | AmazingTV the Spriggan Conjurer began the quest for the
                  | Orb.
     0 | D:1      | Reached XP level 1. HP: 9/9 MP: 5/5
     0 | D:1      | magus.rc [v1.9.6]
    40 | D:1      | Reached skill level 3 in Conjurations
   163 | D:1      | Reached skill level 3 in Dodging
   247 | D:1      | Reached XP level 2. HP: 13/13 MP: 1/6
   392 | D:1      | Reached skill level 3 in Spellcasting
   469 | D:1      | magus.rc [v1.9.6]
   469 | D:1      | magus.rc [v1.9.6]
   473 | D:1      | Reached skill level 1 in Hexes
   853 | D:1      | Reached XP level 3. HP: 16/16 MP: 2/8
  1910 | D:2      | Reached skill level 4 in Dodging
  2176 | D:2      | Found a runed translucent door.
  2177 | D:2      | Noticed Crazy Yiuf
  2382 | D:2      | Killed Crazy Yiuf
  2383 | D:2      | Reached XP level 4. HP: 14/21 MP: 0/10
  2716 | D:2      | Learned a level 2 spell: Searing Ray
  2800 | D:3      | You pick up a book of Blood and begin reading...
  2800 | D:3      | You add the spells Sublimation of Blood, Wereblood and
                  | Summon Hydra to your library.
  2848 | D:3      | Found a glowing drain.
  2955 | Sewer    | Entered a sewer
  3099 | Sewer    | HP: 4/21 [sickly merfolk siren (17)]
  3106 | Sewer    | HP: 5/31 [river rat (1)]
  3113 | Sewer    | HP: 2/31 [sickly merfolk siren (4)]
  3118 | Sewer    | Reached skill level 2 in Hexes
  3146 | Sewer    | Reached skill level 1 in Short Blades
  3146 | Sewer    | Reached XP level 5. HP: 4/24 MP: 1/11
  3501 | Sewer    | Learned a level 3 spell: Dazzling Flash
  4062 | D:3      | Found a faded altar of an unknown god.
  4104 | D:3      | Found Wuosea Kidd's Armour Emporium.
  4154 | D:3      | Noticed Natasha
  4172 | D:3      | Killed Natasha
  4173 | D:3      | Reached skill level 5 in Dodging
  4313 | D:3      | Noticed Natasha
  4322 | D:3      | Killed Natasha
  4323 | D:3      | Reached skill level 4 in Spellcasting
  4493 | D:3      | Reached XP level 6. HP: 28/28 MP: 13/13
  4717 | D:3      | Identified the amulet of Waptuthro {rN+ Regen+ Str+4 SInv}
  4747 | D:3      | Reached skill level 2 in Short Blades
  4747 | D:3      | Reached skill level 4 in Stealth
  5242 | D:3      | Noticed Natasha
  5249 | D:3      | Killed Natasha
  5250 | D:3      | Reached skill level 3 in Hexes
  5486 | D:4      | Found a blossoming altar of Fedhas.
  5792 | D:4      | Found a shadowy altar of Dithmenos.
  5889 | D:4      | Reached XP level 7. HP: 17/32 MP: 1/14
  5896 | D:4      | Noticed Robin
  6232 | D:4      | You pick up a book of Beasts and begin reading...
  6232 | D:4      | You add the spells Summon Ice Beast, Summon Mana Viper and
                  | Monstrous Menagerie to your library.
  6355 | D:4      | Reached skill level 6 in Dodging
  6509 | D:4      | Killed Robin
  6654 | D:5      | Entered Level 5 of the Dungeon
  6664 | D:4      | Reached skill level 5 in Stealth
  7223 | D:5      | Reached skill level 3 in Short Blades
  7230 | D:5      | Reached skill level 5 in Spellcasting
  7437 | D:5      | Reached skill level 7 in Dodging
  7437 | D:5      | Reached skill level 4 in Conjurations
  7437 | D:5      | Reached skill level 4 in Hexes
  7437 | D:5      | Reached XP level 8. HP: 31/36 MP: 11/16
  7503 | D:5      | Reached skill level 6 in Stealth
  7572 | D:5      | Noticed Ijyb
  7601 | D:5      | Killed Ijyb
  7627 | D:5      | Noticed Prince Ribbit
  7652 | D:5      | Killed Prince Ribbit
  7844 | D:5      | Found an ornate altar of the Wu Jian Council.
  7846 | D:5      | Noticed Eustachio
  8011 | D:5      | Killed Eustachio
  8012 | D:5      | Reached skill level 4 in Short Blades
  8012 | D:5      | Reached skill level 8 in Dodging
  8359 | D:6      | Noticed Pikel
  8396 | D:6      | Killed Pikel
  8397 | D:6      | Reached skill level 7 in Stealth
  8397 | D:6      | Reached skill level 6 in Spellcasting
  8397 | D:6      | Reached skill level 5 in Hexes
  8397 | D:6      | Reached XP level 9. HP: 23/39 MP: 11/19
  8971 | D:6      | Reached skill level 9 in Dodging
  9005 | D:6      | Identified the +9 scale mail of Biqeko {rF+ Str+2}
 10130 | D:7      | Found a hide-covered altar of Uskayaw.
 10190 | D:7      | Identified the +8 hunting sling "Beastslayer" {freeze, Fly
                  | rPois Str+4 Int-3}
 10206 | D:7      | Noticed Dowan
 10206 | D:7      | Noticed Duvessa
 10317 | D:7      | Killed Duvessa
 10328 | D:7      | Killed Dowan
 10329 | D:7      | Reached skill level 8 in Stealth
 10512 | D:7      | Reached skill level 5 in Short Blades
 10574 | D:7      | Found a staircase to the Ecumenical Temple.
 10581 | Temple   | Entered the Ecumenical Temple
 10824 | Temple   | Became a worshipper of Sif Muna the Loreminder
 11006 | D:7      | Found a snail-covered altar of Cheibriados.
 11155 | D:7      | Noticed Joseph
 11164 | D:7      | HP: 5/39 [Joseph (16)]
 11168 | D:7      | Killed from afar by Joseph

Vanquished Creatures
  Pikel (D:6)
  Prince Ribbit (D:5)
  Eustachio (D:5)
  A water moccasin (D:5)
  Duvessa (D:7)
  An orc warrior (D:7)
  An ogre (D:5)
  2 necrophages
  A phantom (D:6)
  A bullfrog (D:7)
  3 scorpions
  3 water moccasin skeletons (D:5)
  Dowan (D:7)
  A howler monkey (D:6)
  2 electric eels (D:7)
  A bullfrog zombie (D:5)
  A hound (D:6)
  Crazy Yiuf (D:2)
  2 orc priests (D:7)
  A bullfrog skeleton (D:4)
  A scorpion zombie (D:5)
  Ijyb (D:5)
  Natasha (thrice) (D:3)
  4 orc wizards
  2 iguanas (D:5)
  A merfolk siren (Sewer)
  A merfolk avatar (Sewer)
  A hound zombie (D:5)
  Robin (D:4)
  14 gnolls
  5 adders
  4 river rats (Sewer)
  A shadow imp (D:7)
  An ufetubus (D:4)
  2 adder skeletons
  3 worms
  14 dart slugs
  18 orcs
  3 ball pythons
  7 endoplasms
  12 giant cockroaches
  12 goblins
  11 hobgoblins
  7 jackals
  6 kobolds
  10 quokkas
  12 bats
  9 frilled lizards
  23 rats
216 creatures vanquished.

Vanquished Creatures (others)
  A dart slug (D:7)
  18 plants (D:5)
19 creatures vanquished.

Grand Total: 235 creatures vanquished

Table legend:
 A = Non-vault XP
 B = Vault XP
 C = Vault XP percentage of total XP
 D = Non-vault monster count
 E = Vault monster count
 F = Vault count percentage of total count
                 A         B        C        D         E       F
            +---------+---------+-------+---------+---------+-------
      Total |    2323 |    1827 |  44.0 |     130 |      87 |  40.1
            +---------+---------+-------+---------+---------+-------
        D:1 |      63 |       0 |   0.0 |      32 |       0 |   0.0
        D:2 |      19 |      45 |  70.3 |       9 |       3 |  25.0
        D:3 |     212 |      52 |  19.7 |      18 |       9 |  33.3
        D:4 |     269 |      40 |  12.9 |      26 |      13 |  33.3
        D:5 |     899 |     479 |  34.8 |      24 |       3 |  11.1
        D:6 |     345 |     667 |  65.9 |       9 |       3 |  25.0
        D:7 |     516 |     381 |  42.5 |      12 |      19 |  61.3
      Sewer |       0 |     163 | 100.0 |       0 |      37 | 100.0
            +---------+---------+-------+---------+---------+-------

Illustrated notes

Table legend:
 A = Kills in this place as a percentage of kills in entire the game.
 B = Kills by you in this place as a percentage of kills by you in the entire game.
 C = Kills by friends in this place as a percentage of kills by friends in the entire game.
 D = Other kills in this place as a percentage of other kills in the entire game.
 E = Experience gained in this place as a percentage of experience gained in the entire game.
 F = Experience gained in this place divided by the number of levels of this place that you have seen.
                   A       B       C       D       E      F
               +-------+-------+-------+-------+-------+----------------------
         Total | 100.0 | 100.0 |   N/A | 100.0 | 100.0 | 461.1
       Dungeon |  82.9 |  82.9 |   N/A | 100.0 |  96.1 | 569.6
         Sewer |  17.1 |  17.1 |   N/A |   0.0 |   3.9 | 163.0
               +-------+-------+-------+-------+-------+----------------------

Table legend: (Time is in decaauts)
 A = Elapsed time spent in this place.
 B = Non-inter-level travel time spent in this place.
 C = Inter-level travel time spent in this place.
 D = Time resting spent in this place.
 E = Time spent auto-exploring this place.
 F = Levels seen in this place.
 G = Mean time per level.
                   A        B        C        D        E       F      G
               +--------+--------+--------+--------+--------+-----+--------+
         Total |   8838 |   8433 |    405 |   2711 |   3689 |   9 |  982.0 |
       Dungeon |   7657 |   7296 |    361 |   2132 |   3548 |   7 | 1093.9 |
        Temple |    182 |    139 |     43 |      0 |    127 |   1 |  182.0 |
         Sewer |    998 |    998 |      0 |    579 |     13 |   1 |  998.0 |
               +--------+--------+--------+--------+--------+-----+--------+

Top non-repeatable levels by time:
     D:1: 1360 daAuts
     D:5: 1230 daAuts
     D:3: 1205 daAuts
     D:4: 1086 daAuts
   Sewer: 998 daAuts
     D:7: 983 daAuts
     D:6: 962 daAuts
     D:2: 828 daAuts
  Temple: 182 daAuts
